 Dungeon Crawl Stone Soup version 0.31.0-4-g52a2dc7128 (webtiles) character file.

Game seed: 7286147166332185711

2495 hikkokomori the Trooper (level 9, -5/57 HPs)
             Began as a Gargoyle Alchemist on Jan 23, 2024.
             Blown up by Maurice (11 damage)
             ... with a mindburst bolt
             ... on level 7 of the Dungeon.
             The game lasted 00:20:10 (6201 turns).

hikkokomori the Trooper (Gargoyle Alchemist)        Turns: 6201, Time: 00:20:11

Health: -5/57      AC: 27    Str: 14    XL:     9   Next: 52%
Magic:  14/14      EV: 12    Int: 18    God:
Gold:   0          SH:  0    Dex: 16    Spells: 5/15 levels left

rFire   . . .        A - +7 staff of the Meek {protect, meekguard}
rCold   + . .        (shield currently unavailable)
rNeg    + . .        a - +0 robe
rPois   ∞            t - +2 helmet
rElec   +            Q - +0 cloak
rCorr   .            J - +0 pair of gloves
SInv    .            (no boots)
Will    .....        (no amulet)
Stlth   +++          p - +6 ring of dexterity
HPRegen 0.29/turn    K - ring of protection from cold
MPRegen 0.14/turn

%: no passive effects
@: under a protective aura
A: sickness immunity, AC +6, negative energy resistance 1, electricity
resistance, torment resistance 1, petrification resistance
a: no special abilities


You were on level 7 of the Dungeon.
You visited 1 branch of the dungeon, and saw 7 of its levels.

Inventory:

Hand Weapons
 c - a +0 spear
 l - a +2 scythe of venom
 z - a +4 spectral club
 A - the +7 staff of the Meek (weapon) {protect, meekguard}
   (You took it off an orc on level 4 of the Dungeon)
Missiles
 b - 7 boomerangs
 u - 2 silver javelins
Armour
 a - a +0 robe (worn)
 j - a +0 buckler
 t - a +2 helmet (worn)
 J - a +0 pair of gloves (worn)
 P - the +3 leather armour "Wuomodabb" {-Cast Rampage SInv}
   (You found it on level 5 of the Dungeon)

   SInv:      It lets you see invisible.
   -Cast:     It prevents spellcasting.
   Rampage:   It bestows one free step when moving towards enemies.
 Q - a +0 cloak (worn)
Jewellery
 p - a +6 ring of dexterity (left hand)
 K - a ring of protection from cold (right hand)
Wands
 n - a wand of iceblast (26)
 x - a wand of flame (19)
 E - a wand of polymorph (7)
Scrolls
 f - a scroll of enchant armour {unknown}
 g - 3 scrolls of teleportation
 h - 3 scrolls of noise {unknown}
 m - 3 scrolls of identify
 q - 2 scrolls of fear {unknown}
 r - a scroll of amnesia
 w - 2 scrolls of blinking {unknown}
 y - 3 scrolls of revelation {unknown}
 B - a scroll of butterflies {unknown}
 D - 2 scrolls of fog {unknown}
 F - a scroll of acquirement {unknown}
 N - a scroll of vulnerability {unknown}
Potions
 d - a potion of haste {unknown}
 e - 2 potions of cancellation {unknown}
 i - a potion of magic
 k - 3 potions of curing
 o - a potion of invisibility {unknown}
 s - a potion of resistance {unknown}
 C - a potion of enlightenment {unknown}
 H - a potion of attraction {unknown}
 I - a potion of heal wounds {unknown}
 L - a potion of mutation {unknown}
 M - 3 potions of lignification {unknown}


   Skills:
 + Level 7.5 Fighting
 + Level 5.7 Staves
 - Level 1.5 Dodging
 - Level 4.5 Stealth
 - Level 1.5 Shields
 - Level 3.6 Spellcasting
 - Level 1.1 Conjurations
 + Level 6.3 Alchemy


You had 5 spell levels left.
You knew the following spells:

 Your Spells              Type           Power      Damage    Failure   Level
a - Sting                 Conj/Alch      64%        1d7       3%          1
b - Mercury Vapours       Alch/Air       28%        N/A       6%          2
c - Mephitic Cloud        Conj/Alch/Air  12%        N/A       17%         3
d - Olgreb's Toxic Radia  Alch           25%        N/A       12%         4

Your spell library contained the following spells:

 Spells                   Type           Power      Damage    Failure   Level
 Jinxbite                 Hex            6%         N/A       24%         2
 Lesser Beckoning         Tloc           6%         N/A       24%         2
 Hailstorm                Conj/Ice       5%         3d5       36%         3
 Sticky Flame             Fire/Alch      14%        2d5       38%         4
 Gell's Gravitas          Tloc           3%         N/A       43%         3
 Summon Ice Beast         Ice/Summ       3%         N/A       43%         3
 Teleport Other           Tloc           3%         N/A       43%         3
 Yara's Violent Unravell  Hex/Alch       7%         3d5       75%         5
 Summon Forest            Summ/Tloc      1%         N/A       99%         5
 Summon Mana Viper        Hex/Summ       3%         N/A       99%         5
 Sculpt Simulacrum        Ice/Alch       7%         N/A       100%        6
 Summon Cactus Giant      Summ           1%         N/A       100%        6
 Enfeeble                 Hex            1%         N/A       100%        7


Dungeon Overview and Level Annotations

Branches:
Dungeon (7/15)
 Temple: D:4-7

Altars:
Makhleb
Ru
Uskayaw
Yredelemnul
Zin
The Shining One

Shops:
D:4 :

Annotations:
D:3 Grinder
D:7 Maurice


Innate Abilities, Weirdness & Mutations

You are immune to sickness and miasma.
Your stone body is resilient. (AC +6)
You are immune to poison.
You resist negative energy. (rN+)
You are resistant to electric shocks. (rElec)
You are resistant to unholy torment.
You are immune to petrification.


Message History

You barely miss something. Something hits you.
Something steals your orb of light! Something barely misses you.
You barely miss something. Something hits you but does no damage.
Something bites you but does no damage.
You hit something. Something hits you. Something steals your throwing net!
Something bites you but does no damage.
You miss something. Something hits you.
Something steals 421 gold pieces!
You now have 0 gold pieces.
Something bites you.
You feel your power leaking away. Something drains your magic.
You hit something.
You hear a zap.
Your mind is blasted!
You sock something! Something hits you but does no damage.
Something bites you but does no damage.
You miss something. Something hits you.
Something mutters, "Now where did you hide it?"
Something bites you but does no damage.
You miss something.
You hear a zap.
Something tries to affect you, but you resist.
You hit something. Something hits you but does no damage.
Something bites you but does no damage.
Okay, then.
Okay, then.
Aiming: Iceblast
Press: ? - help, Shift-Dir - straight line The mass of ice explodes!
The iceblast engulfs something.
You hear a zap.
Your mind is blasted!
* * * LOW HITPOINT WARNING * * *
Unknown command.
Unknown command.
Unknown command.
As you read the scroll labelled TOPNADW SIAZAO, it crumbles to dust.
It is a scroll of identify.
r - a scroll of amnesia You hear a zap.
Your mind is blasted!
You die...

#.............##.#.)...
#................#..###
######........#..#..#
#........#..#
#.............
##..#.#######.#.
#...#.# .. # #.....#
... #.@.#.# ....
#....{....# #.........#
#.........#
####...#.... #...######
#...# #####


There were no monsters in sight!

Vanquished Creatures
  Pikel (D:7)
  Prince Ribbit (D:7)
  A shadow (D:7)
  Sigmund (D:2)
  Menkaure (D:7)
  Edmund (D:6)
  A water moccasin (D:6)
  A sky beast (D:7)
  An orc warrior (D:7)
  A black bear (D:2)
  A phantom (D:6)
  A scorpion (D:5)
  2 howler monkeys
  2 jellies
  2 orc priests
  5 hounds
  Crazy Yiuf (D:4)
  A gnoll bouda (D:6)
  An iguana (D:5)
  A sleepcap (D:7)
  2 orc wizards (D:7)
  Ijyb (D:4)
  12 gnolls
  4 adders
  A white imp (D:6)
  2 ufetubi (D:7)
  2 dart slugs
  A ribbon worm (D:2)
  18 orcs
  2 bats (D:1)
  5 endoplasms
  3 giant cockroaches
  7 goblins
  12 hobgoblins
  5 kobolds
  5 ball pythons
  3 frilled lizards (D:1)
  2 rats (D:2)
114 creatures vanquished.

Notes
Turn   | Place    | Note
-------+----------+-------------------------------------------
     0 | D:1      | hikkokomori the Gargoyle Alchemist began the quest for the
                  | Orb.
     0 | D:1      | Reached XP level 1. HP: 10/10 MP: 3/3
   182 | D:1      | Reached XP level 2. HP: 16/16 MP: 1/5
   226 | D:1      | Reached skill level 1 in Fighting
   306 | D:1      | Reached XP level 3. HP: 20/20 MP: 3/6
   378 | D:1      | Learned a level 2 spell: Mercury Vapours
  1490 | D:2      | Noticed a black bear
  1501 | D:2      | Killed a black bear
  1502 | D:2      | Reached skill level 2 in Fighting
  1502 | D:2      | Reached XP level 4. HP: 3/27 MP: 0/8
  1502 | D:2      | Reached XP level 5. HP: 4/31 MP: 0/9
  1873 | D:2      | Noticed Sigmund
  1880 | D:2      | Learned a level 3 spell: Mephitic Cloud
  1960 | D:2      | Killed Sigmund
  1961 | D:2      | Reached skill level 3 in Fighting
  1961 | D:2      | Reached XP level 6. HP: 37/37 MP: 4/11
  2128 | D:3      | Found a glowing silver altar of Zin.
  2244 | D:3      | Found a hide-covered altar of Uskayaw.
  2262 | D:3      | Noticed Grinder
  2383 | D:3      | Found a basalt altar of Yredelemnul.
  2414 | D:3      | Learned a level 4 spell: Olgreb's Toxic Radiance
  2790 | D:4      | Noticed Ijyb
  2796 | D:4      | Killed Ijyb
  2836 | D:4      | Reached skill level 1 in Shields
  2948 | D:4      | Found a runed translucent door.
  2949 | D:4      | Noticed Crazy Yiuf
  3024 | D:4      | Reached XP level 7. HP: 41/41 MP: 12/12
  3069 | D:4      | Found Awomm's Book Boutique.
  3183 | D:4      | Found a glowing golden altar of the Shining One.
  3382 | D:4      | Found a sacrificial altar of Ru.
  3576 | D:5      | Entered Level 5 of the Dungeon
  3686 | D:5      | Reached skill level 4 in Fighting
  3686 | D:5      | Reached skill level 1 in Staves
  3796 | D:5      | Identified the +3 leather armour "Wuomodabb" {-Cast Rampage
                  | SInv}
  4737 | D:6      | Reached XP level 8. HP: 48/48 MP: 13/13
  4753 | D:6      | Reached skill level 5 in Fighting
  4800 | D:6      | Found a burning altar of Makhleb.
  5423 | D:6      | Noticed Edmund
  5441 | D:6      | Killed Edmund
  5614 | D:4      | Killed Crazy Yiuf
  5744 | D:7      | Reached skill level 5 in Alchemy
  5777 | D:7      | Noticed Prince Ribbit
  5796 | D:7      | Killed Prince Ribbit
  5797 | D:7      | Reached skill level 6 in Fighting
  5904 | D:7      | Noticed Menkaure
  5934 | D:7      | Reached XP level 9. HP: 29/56 MP: 3/14
  5939 | D:7      | Killed Menkaure
  5965 | D:7      | Noticed Maurice
  5990 | D:7      | Noticed Pikel
  5998 | D:7      | Killed Pikel
  5999 | D:7      | Reached skill level 7 in Fighting
  5999 | D:7      | Reached skill level 5 in Staves
  6189 | D:7      | Something stole a +4 flail of protection
  6191 | D:7      | Something stole an orb of light
  6193 | D:7      | Something stole a throwing net
  6194 | D:7      | Something stole 421 gold
  6201 | D:7      | Blown up by Maurice

Illustrated notes

Levels and vault maps discovered:
D:1:      denvon_arrival_waterhouse, layout_rooms, serial_forest,
          infiniplex_forest_split, infiniplex_forest_straight_3,
          infiniplex_forest_pool, infiniplex_forest_split,
          infiniplex_forest_straight_4
D:2:      layout_basic, bh_walls_and_bars, uniq_sigmund
D:3:      layout_loops_ring, mainiacjoe_overflow_brackets,
          nicolae_overflow_crystal_walls,
          nicolae_uskayaw_murder_on_the_dancefloor, nzn_wu_jian_council_hall,
          minmay_misc_feat_diagonals, minivault_19,
          amcnicky_mini_rare_corridor_liquid, uniq_grinder
D:4:      layout_basic, old_standard_altar, mainiacjoe_overflow_tiny_flanked,
          serial_shops, shop, uniq_crazy_yiuf_cottage, uniq_ijyb
D:5:      layout_basic, hangedman_decor_growths, palyth_stone_intersect
D:6:      layout_basic, nicolae_overflow_hidden_temple, uniq_edmund
D:7:      layout_loops_ring, temple_green, minmay_misc_feat_alley, uniq_maurice,
          uniq_menkaure, uniq_prince_ribbit1, uniq_pikel

Skill      XL: |  1  2  3  4  5  6  7  8  9 |
---------------+----------------------------+-----
Fighting       | 1 2 3 4 6 7 |  7.5
Stealth        | 3 4 |  4.5
Alchemy        | 3 4 5 6 |  6.3
Spellcasting   | 3 |  3.6
Shields        | 1 |  1.5
Staves         | 2 4 5 |  5.7
Dodging        | |  1.5
Conjurations   | |  1.1

Action                     |  1- 3 |  4- 6 |  7- 9 || total
---------------------------+-------+-------+-------++-------
  Melee: Unarmed           |    14 |       |       ||    14
         Spear             |    26 |     3 |       ||    29
         Halberd           |       |    50 |       ||    50
         Quarterstaff      |       |     1 |   170 ||   171
   Cast: Sting             |    55 |    17 |     2 ||    74
         Mercury Vapours   |     2 |     5 |       ||     7
         Mephitic Cloud    |       |     1 |     4 ||     5
         Olgreb's Toxic Ra |       |       |     2 ||     2
  Evoke: Wand              |       |     4 |     1 ||     5
    Use: Potion            |     1 |       |     2 ||     3
         Scroll            |       |     1 |     1 ||     2
   Stab: Sleeping          |     1 |     5 |     5 ||    11
         Distracted        |       |       |     1 ||     1
         Confused          |       |       |     6 ||     6
 Armour: Robe              |    39 |    39 |   121 ||   199
  Dodge: Dodged            |    51 |    40 |    91 ||   182
